AoeStats
← Combi l BU

African Clearing

506045751Analyzed
2v2 RM · 20d ago on Sep 12, 2026· 34m 3s· 4 players
Game mode
Random Map
Map size
Medium (4 player)
Population
200
Speed
Normal
Resources
Standard
Victory
Conquest
Starting age
Dark Age
Ending age
Imperial Age
RankedLock teamsTeams togetherTeam positionsShared explorationLock speedFull tech treeHidden civsTurbo modeCheats
Victory
Defeat
🇺🇸 Lithuanians · United States
1740
+11
🇺🇸 Aztecs · United States
1713
+11
🇲🇽 Sicilians · Mexico
1623
-11
🇨🇱 Vikings · Chile
1620
-11
Ux' CombiNero
3:58 Loom
13:16 Feudal Age
17:11 Castle Age
15:01 Double-Bit Axe
16:28 Fletching
17:16 Crossbowman
18:07 Bodkin Arrow
26:00 Padded Archer Armor
26:35 Ballistics
Combi l BU
12:36 Feudal Age
13:06 Loom
14:17 Double-Bit Axe
17:25 Scale Barding Armor
19:00 Forging
22:12 Wheelbarrow
23:35 Bloodlines
27:39 Castle Age
28:42 Chain Barding Armor
wappla
13:50 Feudal Age
14:17 Loom
17:28 Castle Age
15:47 Double-Bit Axe
17:20 Fletching
18:34 Bow Saw
17:55 Crossbowman
19:26 Bodkin Arrow
19:39 Gold Mining
26:07 Ballistics
28:28 Horse Collar
29:49 Wheelbarrow
32:03 Imperial Age
29:37 Elite Skirmisher
31:02 Padded Archer Armor
31:22 Hand Cart
32:46 Bracer
33:47 Chemistry
32:27 Arbalester
33:58 Leather Archer Armor
34:11 Fishing Lines
Jenius
10:31 Loom
12:41 Feudal Age
12:58 Man-at-Arms
13:55 Town Watch
13:57 Double-Bit Axe
16:41 Fletching
22:50 Castle Age
23:29 Bodkin Arrow
27:42 Scale Barding Armor
33:33 Sanctity
33:33 Bow Saw
Connection lost

Rejoining the realm…

Still unreachable

The connection could not be restored.

Session expired

The server has moved on; the page needs a fresh start.